 Dungeon Crawl Stone Soup version 0.31-a0-1576-ga3383bade6 (webtiles) character file.

Game seed: 11787184331467651680

411 mopl the Ruffian (level 7, 0/49 HPs)
             Began as a Djinni Shapeshifter on Jan 4, 2024.
             Was a Believer of Uskayaw.
             Killed by divine providence
             ... invoked by an orc priest
              (12 damage)
             ... on level 4 of the Dungeon.
             The game lasted 00:04:06 (3376 turns).

mopl the Ruffian (Djinni Shapeshifter)              Turns: 3376, Time: 00:04:06

Health: 0/49       AC: 12    Str: 15    XL:     7   Next: 14%
Gold:   50         EV: 12    Int: 11    God:    Uskayaw [**....] SH:  0 Dex: 13

rFire   + +          .
                       - Unarmed
rCold   x . .        (no shield)
rNeg    . . .        n - +2 robe {Will+}
rPois   ∞            (helmet currently unavailable)
rElec   .            (cloak currently unavailable)
rCorr   .            (gloves currently unavailable)
SInv    .            (boots unavailable)
Will    +....        (no amulet)
Stlth   +            e - +4 ring of protection
HPRegen 0.28/turn    i - +4 ring of protection
MPRegen 0.00/turn

%: infuse magic (-1 HP)
@: beast-form, flying
A: beast (slay +2), flying, sickness immunity, fire resistance 2, cold
vulnerability 1, float, innate caster, HP casting, extra vitality 1
a: Begin Untransformation, Renounce Religion, Stomp, Line Pass


You were on level 4 of the Dungeon.
You worshipped Uskayaw.
Uskayaw was noncommittal.
You were a hulking beast.
You visited 1 branch of the dungeon, and saw 4 of its levels.

You collected 162 gold pieces.
You spent 112 gold pieces at shops.

Inventory:

Missiles
 o - 8 boomerangs
 q - 2 poisoned darts
Armour
 f - a +1 cloak
 n - a +2 robe of willpower (worn)
Jewellery
 e - a +4 ring of protection (left hand)
 i - a +4 ring of protection (right hand)
Talismans
 c - a beast talisman
 d - a flux talisman
 h - a serpent talisman
Wands
 b - a wand of polymorph (6)
Scrolls
 l - a scroll of fog {unknown}
 m - a scroll of teleportation {unknown}
 v - a scroll of acquirement {unknown}
Potions
 a - a potion of degeneration {unknown}
 g - a potion of invisibility {unknown}
 j - a potion of magic {unknown}
 k - a potion of attraction {unknown}
 p - a potion of curing {unknown}
 r - a potion of lignification {!q}
 t - a potion of brilliance {unknown}
 u - 2 potions of cancellation {unknown}


   Skills:
 + Level 2.9 Fighting
 + Level 2.8 Dodging
 * Level 5.1 Unarmed Combat
 + Level 0.4 Invocations
 * Level 4.3 Shapeshifting


You knew the following spells:

 Your Spells              Type           Power      Damage    Failure   Level
a - Kiss of Death         Conj/Necr      0%         2d5       34%         1
b - Searing Ray           Conj           0%         2d4       47%         2
c - Scorch                Fire           0%         2d5       47%         2
Your spell library was empty.

Dungeon Overview and Level Annotations

Branches:
Dungeon (4/15)
 Temple: D:4-7

Altars:
Fedhas
Uskayaw

Shops:
D:3 !


Innate Abilities, Weirdness & Mutations

You are a hulking beast.
Your limbs bulge with bestial killing power. (Slay +2)
You are flying.
You are immune to sickness and miasma.
You are immune to poison.
Your flesh is very heat resistant. (rF++)
You are vulnerable to cold. (rC-)
You float through the air rather than walking.
You learn spells naturally, not from books.
Your magical power is your life essence.
You have superior vitality. (+4 MHP)


Message History

The orc's wounds heal themselves!
You closely miss the orc. You punch the orc!
You kill the orc!
You barely miss the orc priest.
The orc priest casts a cantrip, but nothing happens.
You barely miss the orc priest. The orc priest closely misses you.
You barely miss the orc priest.
The orc priest calls down the wrath of Beogh upon you.
Beogh smites you!
You hit the orc priest.
The orc priest is lightly wounded.
The orc priest looks encouraged for a moment.
You hit the orc priest.
The orc priest is moderately wounded.
A ball python comes into view.
The orc priest hits you but does no damage.
You can now pass through a line of other dancers.
You closely miss the orc priest.
The orc priest is moderately wounded.
The ball python hisses angrily.
The orc priest calls down the wrath of Beogh upon you.
Pain shoots through your body!
You hit the orc priest but do no damage.
The orc priest is moderately wounded.
The orc priest misses you.
You hit the orc priest.
The orc priest is moderately wounded.
The orc priest hits you with a +0 hand axe.
* * * LOW HITPOINT WARNING * * *
You closely miss the orc priest.
The orc priest is moderately wounded.
You hit the orc priest.
The orc priest is heavily wounded.
The orc priest hits you but does no damage.
You punch the orc priest!
You kill the orc priest!
The orc priest mumbles some strange prayers to Beogh against you.
Beogh smites you!
You die...

........## #.>......
#....... #......
..... .o. ### # ###
#S# #... ..# #h#
##.#. #.# ##'## #...
#.# ##...## #..###
#.###.....##
#..#.###.##.......#
#.....##.#.........#
#........'.........+
#.#...####.........#
#.##.## ##.......##


You could see an orc priest and a ball python.

Vanquished Creatures
  A jelly (D:2)
  2 orc priests
  Natasha (thrice) (D:2)
  2 iguanas
  An orc wizard (D:3)
  3 gnolls (D:4)
  6 adders
  4 dart slugs
  4 ribbon worms
  13 orcs
  7 bats
  5 endoplasms
  5 giant cockroaches (D:3)
  9 hobgoblins
  8 kobolds
  3 quokkas
  4 ball pythons
  6 frilled lizards
  7 goblins
  11 rats
104 creatures vanquished.

Notes
Turn   | Place    | Note
-------+----------+-------------------------------------------
     0 | D:1      | mopl the Djinni Shapeshifter began the quest for the Orb.
     0 | D:1      | Reached XP level 1. HP: 17/17 MP: 0/0
   216 | D:1      | Reached XP level 2. HP: 22/22 MP: 0/0
   303 | D:1      | Reached skill level 3 in Shapeshifting
   396 | D:1      | Reached XP level 3. HP: 27/27 MP: 0/0
   396 | D:1      | Learned a level 1 spell: Kiss of Death
  1044 | D:2      | Reached XP level 4. HP: 20/33 MP: 0/0
  1325 | D:2      | Noticed Natasha
  1345 | D:2      | Killed Natasha
  1346 | D:2      | Reached skill level 2 in Fighting
  1346 | D:2      | Reached skill level 4 in Unarmed Combat
  1467 | D:2      | Reached XP level 5. HP: 36/38 MP: 0/0
  1467 | D:2      | Learned a level 2 spell: Searing Ray
  1487 | D:2      | Noticed Natasha
  1504 | D:2      | Killed Natasha
  1581 | D:2      | Noticed Natasha
  1587 | D:2      | Killed Natasha
  1877 | D:3      | Reached XP level 6. HP: 45/45 MP: 0/0
  1970 | D:3      | Reached skill level 4 in Shapeshifting
  2513 | D:3      | Found Gevokkom's Distillery.
  2517 | D:3      | Bought a potion of lignification for 42 gold pieces
  2517 | D:3      | Bought a potion of heal wounds for 70 gold pieces
  2810 | D:3      | Found a hide-covered altar of Uskayaw.
  2818 | D:3      | Became a worshipper of Uskayaw the Reveller
  2823 | D:3      | Found a blossoming altar of Fedhas.
  2853 | D:4      | Reached * piety under Uskayaw
  2872 | D:4      | Reached ** piety under Uskayaw
  2874 | D:4      | Reached skill level 5 in Unarmed Combat
  2874 | D:4      | Reached XP level 7. HP: 47/49 MP: 0/0
  2874 | D:4      | Learned a level 2 spell: Scorch
  2957 | D:4      | Reached *** piety under Uskayaw
  3376 | D:4      | Killed from afar by an orc priest

Illustrated notes

Levels and vault maps discovered:
D:1:      nicolae_arrival_somewhat_less_tricky_arrival, layout_basic
D:2:      layout_loops_ring, uniq_natasha
D:3:      minmay_octagon_keep, layout_loops_ring, jmf_multi_god_temple2,
          serial_shops, nicolae_shop_back_alley_shop
D:4:      layout_loops_corners, temple_doors_e, uniq_eustachio

Skill      XL: |  1  2  3  4  5  6 |
---------------+-------------------+-----
Shapeshifting  | 3 4 |  4.3
Fighting       | 2 |  2.9
Unarmed Combat | 4 5 |  5.1
Dodging        | |  2.8
Invocations    | |  0.4

Action                     |  1- 3 |  4- 6 |  7- 9 || total
---------------------------+-------+-------+-------++-------
  Melee: Unarmed           |    96 |   192 |    52 ||   340
         Punch             |     3 |     4 |       ||     7
    Use: Potion            |       |     1 |     1 ||     2
   Stab: Distracted        |     1 |       |       ||     1
         Sleeping          |       |     2 |       ||     2
         Paralysed         |       |       |     1 ||     1
 Armour: Animal skin       |    44 |    72 |       ||   116
         Skin              |       |     7 |       ||     7
         Robe              |       |    38 |    36 ||    74
  Dodge: Dodged            |    52 |   102 |    21 ||   175

Table legend: (Time is in decaauts)
 A = Elapsed time spent in this place.
 B = Non-inter-level travel time spent in this place.
 C = Inter-level travel time spent in this place.
 D = Time resting spent in this place.
 E = Time spent auto-exploring this place.
 F = Levels seen in this place.
 G = Mean time per level.
                   A        B        C        D        E       F      G
               +--------+--------+--------+--------+--------+-----+--------+
         Total |   3348 |   3279 |     69 |    224 |   2316 |   4 |  837.0 |
       Dungeon |   3348 |   3279 |     69 |    224 |   2316 |   4 |  837.0 |
               +--------+--------+--------+--------+--------+-----+--------+

Top non-repeatable levels by time:
     D:3: 1001 daAuts
     D:1: 918 daAuts
     D:2: 900 daAuts
     D:4: 527 daAuts
